 Dungeon Crawl Stone Soup version 0.20.1-1-g8b1a95d (webtiles) character file.

49 Folque the Magician (level 3, -1/24 HPs)
             Began as an Octopode Wizard on Nov 10, 2017.
             Slain by an adder (3 damage)
             ... on level 2 of the Dungeon.
             The game lasted 00:05:13 (1072 turns).

Folque the Magician (Octopode Wizard)               Turns: 1072, Time: 00:05:14

Health: -1/24      AC:  2    Str:  5 (6)  XL:     3   Next: 77%
Magic:  1/8        EV: 13    Int: 20 (21) God:
Gold:   68         SH:  0    Dex:  8 (10) Spells: 1/9 levels left

rFire    . . .     SeeInvis .   i - +0 hand axe
rCold    . . .     Gourm    .   (no shield)
rNeg     . . .     Faith    .   a - +1 hat
rPois    .         Spirit   .   (no amulet)
rElec    .         Reflect  .   (no ring)
rCorr    .         Harm     .   (no ring)
MR       .....                  (no ring)
Stlth    +++.......             (no ring)
Regen    0.1/turn               (no ring)
MPRegen  0.2/turn               (no ring)
                                (no ring)
                                (no ring)

@: lethally poisoned (-1 -> -6), about to teleport, very slightly contaminated
A: almost no armour, stealthy swim, amphibious, 8 rings, constrict 8, camouflage
1, gelatinous body 1
a: no special abilities


You were on level 2 of the Dungeon.
You were not hungry.

You visited 1 branch of the dungeon, and saw 2 of its levels.

You collected 68 gold pieces.

Inventory:

Hand Weapons
 g - a +0 short sword
 i - a +0 hand axe (weapon)
Armour
 a - a +1 hat (worn)
Scrolls
 e - 3 scrolls of identify
Potions
 h - a potion of might {unknown}
Books
 b - a book of Minor Magic

   Spells                             Type                      Level
   a - Magic Dart                     Conjuration                  1
   b - Blink                          Translocation                2
   c - Call Imp                       Summoning                    2
   d - Slow                           Hexes                        2
   e - Conjure Flame                  Conjuration/Fire             3
   f - Mephitic Cloud                 Conjuration/Poison/Air       3
Comestibles
 c - a bread ration
 d - 2 meat rations
 l - 3 chunks of flesh


   Skills:
 - Level 2.0 Fighting
 - Level 2.0 Dodging
 - Level 2.6 Stealth
 + Level 3.5 Spellcasting
 + Level 1.2 Conjurations
 - Level 1.0 Summonings
 - Level 1.0 Translocations
 * Level 1.2 Poison Magic


You had one spell level left.
You knew the following spells:

 Your Spells              Type           Power        Failure   Level  Hunger
a - Magic Dart            Conj           #...         9%          1    None
b - Call Imp              Summ           #.......     14%         2    ##.....
c - Blink                 Tloc           N/A          14%         2    ##.....
d - Mephitic Cloud        Conj/Pois/Air  #.......     28%         3    ###....


Dungeon Overview and Level Annotations

Branches:
Dungeon (2/15)

Altars:
Ashenzari

Annotations:
D:2 Terence


Innate Abilities, Weirdness & Mutations

You cannot wear most types of armour.
You are very stealthy in the water. (Stealth+)
You are amphibious.
You can wear up to eight rings at the same time.
You can use your tentacles to constrict eight enemies at once.
Your skin changes colour to match your surroundings (Stealth+).
Your rubbery body absorbs attacks. (AC +1, EV +1)


Message History

Terence hits you but does no damage. The adder barely misses you.
Your white imp hits Terence but does no damage.
The adder bites you.
You are poisoned.
The adder poisons you!
As you read the scroll labeled MAK XU KIOLI, it crumbles to dust.
You feel strangely unstable.
It was a scroll of teleportation.
You constrict Terence.
You feel sick. The adder bites you. x2
* * * LOW HITPOINT WARNING * * *
Your white imp hits Terence but does no damage.
The adder barely misses you.
It was a potion of degeneration.
There was something very wrong with that liquid.
You feel weakened.
You feel dopey.
You feel clumsy.
You constrict Terence. The adder bites you.
* * * LOW HITPOINT WARNING * * *
Your white imp hits Terence but does no damage.
Terence chortles and stares into space.
The adder barely misses you. The adder bites you.
You die...

..#####.###.##.
...............
.######.#######
#.# #.# #.#
#.##
#####S)######
#....@@5.....
#.###S.######
...# .....
##...## ##.##
#.# #.#


You could see Terence (confused), 2 adders and a friendly white imp.

Vanquished Creatures
  A dart slug (D:1)
  A leopard gecko (D:1)
  8 bats
  A giant cockroach (D:1)
  3 hobgoblins
  2 jackals (D:2)
  5 kobolds
  A ball python (D:2)
  5 goblins
  9 rats
36 creatures vanquished.

Vanquished Creatures (collateral kills)
  An adder (D:2)
1 creature vanquished.

Grand Total: 37 creatures vanquished

Notes
Turn   | Place    | Note
-------+----------+-------------------------------------------
     0 | D:1      | Folque the Octopode Wizard began the quest for the Orb.
     0 | D:1      | Reached XP level 1. HP: 11/11 MP: 4/4
   179 | D:1      | Reached skill level 1 in Fighting
   179 | D:1      | Reached XP level 2. HP: 17/18 MP: 6/6
   360 | D:1      | Reached XP level 3. HP: 21/24 MP: 7/7
   683 | D:2      | Learned a level 2 spell: Call Imp
   686 | D:2      | Learned a level 2 spell: Blink
   690 | D:2      | Learned a level 3 spell: Mephitic Cloud
   793 | D:2      | Found a shattered altar of Ashenzari.
   797 | D:2      | Saw a vision of the Shoals and the Snake Pit.
   797 | D:2      | Noticed a merfolk
   797 | D:2      | Noticed a naga
   797 | D:2      | Noticed a naga sharpshooter
   797 | D:2      | Noticed a black mamba
   797 | D:2      | Noticed a hippogriff
   797 | D:2      | Noticed a merfolk
   798 | D:2      | Noticed a naga sharpshooter
   800 | D:2      | Noticed a shock serpent
  1034 | D:2      | Reached skill level 1 in Poison Magic
  1058 | D:2      | Noticed Terence
  1072 | D:2      | Slain by an adder

Skill      XL: |  1  2  3 |
---------------+----------+-----
Fighting       | 1 2 |  2.0
Poison Magic   | 1 |  1.2
Dodging        | |  2.0
Stealth        | |  2.6
Spellcasting   | |  3.5
Conjurations   | |  1.2
Summonings     | |  1.0
Translocations | |  1.0

Action                   || total
-------------------------++-------
Melee: Short sword       ||    42
       Constrict         ||    24
       Tentacles         ||    12
       Hand axe          ||    39
 Cast: Magic Dart        ||     9
       Call Imp          ||     2
       Mephitic Cloud    ||     1
  Use: Scroll            ||     3
       Potion            ||     1
 Stab: Sleeping          ||    11
  Eat: Chunk             ||     1
Armor: Skin              ||     8
Dodge: Dodged            ||    73
